[Event "Serbian League 2024"]
[Site "Bajina Basta"]
[Date "2024.09.28"]
[Round "1.23"]
[White "Radovanovic, Mihajlo"]
[Black "Ratkovic, Milovan"]
[Result "1-0"]
[ECO "D11"]
[WhiteElo "2426"]
[BlackElo "2429"]
[Annotator "TA"]
[PlyCount "45"]
[EventDate "2024.09.26"]
[EventType "team-tourn"]
[EventCountry "SRB"]
[SourceTitle "playchess.com"]
[Source "ChessBase"]
[SourceQuality "1"]
[TimeControl "40/5400+30:1800+30"]

1. d4 d5 2. Nf3 c6 3. c4 dxc4 4. e4 b5 5. b3 cxb3 6. Qxb3 {[%emt 0:00:01] D11: Slavische Verdediging: 3 Pf3 Zijvarianten en 3...Pf6 4 e3 Lg4.} ({Speel niet} 6. axb3 Bg4 $11) (6. a4 $16) 6... e6 $11 {[%emt 0:01:38] OK} 7. Bd3 Nf6 8. O-O {[%emt 0:03:40] Onnauwkeurig. De stelling is in evenwicht.} Nbd7 {[%emt 0:01:34] OK} 9. a4 $146 {[%emt 0:02:42][%cal Ra4b5] Onnauwkeurig} ({Predecessor:} 9. Bf4 Be7 10. Nc3 b4 11. Na4 Bb7 12. Rac1 O-O 13. Rfd1 Rc8 14. Nc5 Nxc5 15. dxc5 {1-0 Celan,M (2029)-Billio,M (2062) OP-2019-0-04719}) 9... Be7 $2 {[%emt 0:05:45] [#] houdt voordeel. Fout (2.0)} (9... b4 $1 $15) 10. axb5 $16 {[%emt 0:05:52] Beste (Gemakkelijk)} cxb5 {Wit zou moeten proberen} 11. Nc3 {[%emt 0:04:56] Fout (1.3)} ({Maar niet} 11. Bxb5 $6 O-O $14) (11. Qxb5 $16 {Sterke dreiging met Bf4.} O-O 12. Bd2) 11... b4 $11 {[%emt 0:12:12] Beste (Gemakkelijk)} 12. Nb5 {[%emt 0:00:14][%cal Oc1f4] En nu zou Bf4! winnen. OK} Bb7 13. Bf4 $1 {[%emt 0:01:15] Sterk} O-O {[%emt 0:01:36][%cal Rf6e4] Beste (Gemakkelijk)} 14. Bc7 $36 {[%emt 0:01:35][%mdl 2048] Zwart staat onder druk. Beste (Gemakkelijk)} Qc8 15. Bd6 {[%emt 0:00:31] Wit heeft actievere stukken. Beste (Gemakkelijk)} {Beter is} Bxd6 {[%emt 0:13:12] Fout (0.6)} (15... Qd8) 16. Nxd6 $16 Qc7 {[%emt 0:01:11] is een betere verdediging. Fout (1.2)} (16... Qb8 $16 17. Qxb4 Bc6 18. Qxb8 Nxb8) 17. Qxb4 $18 {[%emt 0:00:08][%cal Of1c1] Beste (Gemakkelijk)} Nb6 18. Ne5 {[%emt 0:05:52] Dreigt te winnen met Rfb1.} Qe7 $2 {[%emt 0:02:37] Blijkt vruchtbaarder te zijn. Fout (1.6)} (18... Rad8) 19. Rfb1 {[%emt 0:01:16] Zwart is zwak op de lichte velden. OK} Ne8 20. Nxb7 {[%emt 0:03:09] OK} Qxb7 21. Bb5 {[%emt 0:00:06][%cal Bd3b5,Bb5c6,Bc6a8][%mdl 32] [#] Bc6 zou dodelijk zijn. EV=26.06. Goes to a8 (dbg)). OK} Qxe4 {[%emt 0:00:23] Fout (3.6)} (21... f6) 22. Bc6 {[%emt 0:00:17] Beste (Gemakkelijk)} Nd5 23. Bxa8 {[%emt 0:00:14] Blunder waarde: Wit=0.23 (precies) /Zwart=0.72.  Fout:        	Wit=1      	Zwart=5      Onnauwkeurig:    	Wit=2      	---        OK:         	Wit=4      	Zwart=2      Beste:        	Wit=5      	Zwart=2      Sterk:        	Wit=1      	---} 1-0

[Event "Serbian League 2024"]
[Site "Bajina Basta"]
[Date "2024.09.28"]
[Round "1.24"]
[White "Tadic, Branko"]
[Black "Lukovic, Vladimir"]
[Result "1/2-1/2"]
[ECO "D37"]
[WhiteElo "2424"]
[BlackElo "2431"]
[Annotator "TA"]
[PlyCount "57"]
[EventDate "2024.09.26"]
[EventType "team-tourn"]
[EventCountry "SRB"]
[SourceTitle "playchess.com"]
[Source "ChessBase"]
[SourceQuality "1"]
[TimeControl "40/5400+30:1800+30"]

1. Nf3 d5 2. d4 Nf6 3. c4 e6 4. Nc3 Nbd7 5. e3 a6 6. cxd5 exd5 7. Bd3 Bd6 8. Qc2 b6 9. O-O Bb7 10. e4 dxe4 11. Nxe4 Be7 12. Bg5 O-O {[%emt 0:08:36] [#] White must now prevent ...Bxe4.} 13. Rfe1 {[%emt 0:07:05] White has more active pieces.} ({White should try} 13. Nxf6+ $16 Bxf6 14. Bf4 (14. Bxh7+ Kh8 $15)) 13... Bxe4 $11 14. Bxe4 Nxe4 15. Bxe7 Qxe7 16. Rxe4 Qd6 17. Rae1 Nf6 18. Re5 Rad8 19. a3 a5 20. h3 Nd5 21. Qf5 Qd7 22. Qe4 g6 23. Qe2 f6 24. Re4 Kf7 25. Qc4 Rfe8 26. Nd2 Rxe4 27. Rxe4 Re8 28. Rxe8 Kxe8 29. Ne4 {[%emt 0:00:03] Weighted Error Value: White=0.09 (flawless) /Black=0.06 (flawless) .  Mistake:       	White=1     	---        Inaccurate:     	---       	Black=1      OK:         	White=9     	Black=10} 1/2-1/2

[Event "Serbian League 2024"]
[Site "Bajina Basta"]
[Date "2024.09.28"]
[Round "1.25"]
[White "Benkovic, Petar"]
[Black "Tarhan, Adar"]
[Result "0-1"]
[ECO "E94"]
[WhiteElo "2362"]
[BlackElo "2474"]
[Annotator "TA"]
[PlyCount "88"]
[EventDate "2024.09.26"]
[EventType "team-tourn"]
[EventCountry "SRB"]
[SourceTitle "playchess.com"]
[Source "ChessBase"]
[SourceQuality "1"]
[TimeControl "40/5400+30:1800+30"]

1. Nf3 Nf6 2. c4 g6 3. Nc3 Bg7 4. e4 O-O 5. d4 d6 6. Be2 e5 7. O-O Bg4 8. d5 a5 9. Ne1 Bd7 10. Nd3 Na6 11. Be3 {[%emt 0:00:30] White is slightly better.} b6 12. Rb1 Nc5 13. f3 Nh5 14. Qd2 f5 15. b3 Nf6 (15... Nxd3 $11 16. Bxd3 f4) 16. Nxc5 bxc5 17. Qe1 Nh5 18. Bd2 Nf4 19. Kh1 a4 20. b4 cxb4 21. Rxb4 h5 22. Rf2 Rb8 23. Rxb8 Qxb8 24. Bf1 {[%emt 0:00:30] [#] aiming for g3.} h4 25. Bc1 fxe4 26. Nxe4 Qb1 27. Nc3 (27. Rb2 $5 Qa1 $8 28. Rb7 $14) 27... Qf5 (27... Nd3 $1 $11 28. Nxb1 Nxe1) 28. Ne4 $16 Rb8 {[%emt 0:00:30] [#]} 29. g3 $1 hxg3 30. hxg3 Nh3 31. Rh2 (31. Bxh3 $16 Qxh3+ 32. Rh2) 31... Qxf3+ $11 32. Bg2 Qd3 {[%emt 0:00:30] The board is on fire.} 33. Rxh3 $4 (33. Bf1 $11 Qf3+ 34. Bg2) 33... Bxh3 $19 34. Bxh3 Rb1 35. Be6+ Kh8 36. Ng5 $2 (36. Nc3 Qf3+ (36... Qxc4 $2 {too greedy.} 37. Nxb1 Bf6 38. Nc3 $18) 37. Kh2) 36... Bf6 {[%emt 0:00:30][%cal Of6g5] ( -> ...Bxg5!)} (36... Qxc4 37. Nf7+ Kh7 38. Ng5+ Kh6 39. Nf7+ Kh7 40. Ng5+ Kh8 41. Nf7+ Kh7 $11) 37. Nf7+ Kh7 38. Kg2 Qc2+ 39. Qd2 Rxc1 40. Qxc2 Rxc2+ 41. Kf3 Rxa2 42. g4 Rc2 43. g5 Be7 (43... Bg7 $142 44. Ke3 a3 (44... Rxc4 $2 45. Kd3 $19) 45. Kd3 a2 46. Kxc2 a1=Q (46... a1=B 47. Nd8 $11) 47. Nd8 e4 48. Kb3 Bb2 (48... Qc3+ {is a self mate.} 49. Ka4 Qxc4+ 50. Ka3 Bc3 51. Nc6 Kg7 52. Bg4 Bd2 53. Kb2 Qc3+ 54. Ka2 Bc1 55. Ne7 Qb2#) 49. Bg8+ Kxg8 50. Nc6 Qa3+ 51. Kc2 Bc3 (51... Qc3+ 52. Kd1 Qd3+ 53. Ke1 e3 54. Ne7+ Kf7 55. Nc8 Bc3#) 52. Ne7+ Kf7 53. Kd1 Qb2 54. Nc8 Qd2#) 44. Ke3 Rxc4 {[%emt 0:00:30] Weighted Error Value: White=0.87/Black=0.27 (precise) .  Loses game:     	White=1     	---        Mistake:       	White=2     	Black=2      Inaccurate:     	White=5     	Black=2      OK:         	White=3     	Black=12     Best:        	White=3     	Black=3      Strong:       	White=1     	---} 0-1

[Event "Serbian League 2024"]
[Site "Bajina Basta"]
[Date "2024.09.28"]
[Round "1.26"]
[White "Celik, Hasan Huseyin"]
[Black "Eren, Ataberk"]
[Result "1-0"]
[ECO "D46"]
[WhiteElo "2425"]
[BlackElo "2386"]
[Annotator "TA"]
[PlyCount "77"]
[EventDate "2024.09.26"]
[EventType "team-tourn"]
[EventCountry "SRB"]
[SourceTitle "playchess.com"]
[Source "ChessBase"]
[SourceQuality "1"]
[TimeControl "40/5400+30:1800+30"]

1. d4 Nf6 2. c4 e6 3. Nf3 d5 4. Nc3 c6 5. e3 Nbd7 6. Qc2 Bd6 7. Bd3 O-O 8. O-O dxc4 9. Bxc4 b5 10. Bd3 Bb7 11. e4 e5 12. Bg5 exd4 13. Nxd4 (13. e5 $5 Nxe5 14. Bxh7+ (14. Nxd4 Nxd3 15. Qxd3 h6 $15) 14... Kh8 15. Nxd4 $11) 13... Ne5 (13... Bxh2+ $11 14. Kh1 Ne5) 14. Nf5 $1 $14 {[%emt 0:26:15] Threatens to win with Rad1. White is slightly better.} Bc5 15. Be2 {[%emt 0:14:09][%cal Oc3a4] aiming for Na4!} Qb6 (15... Bc8 $142) 16. Bxf6 $16 gxf6 17. Qc1 {[%emt 0:01:19] Threatening mate with Qh6.} Rfe8 18. Qh6 Bf8 {[%emt 0:01:06] Prevents Qg7+.} 19. Qxf6 $40 {[%emt 0:00:07][%mdl 128] White goes for the king.} Ng6 (19... b4 $16 {keeps fighting.}) 20. Rad1 {[%emt 0:05:09] Strongly threatening Rd7.} Re6 21. Qg5 Qc7 22. Bf3 Kh8 23. Ne2 {[%emt 0:06:10] White has more active pieces.} c5 {[%emt 0:04:52] Prevents Ned4} 24. Nc3 Nf4 25. Qh4 {[%emt 0:05:40][%cal Oc3d5] Inhibits Nh3+.} (25. Nxb5 $6 Qe5 $14) 25... Rg6 (25... Ng6 $16 26. Qh5 (26. Nxb5 Qa5 $15) 26... b4) 26. Nxb5 {[%emt 0:08:53] A dynamic duo of knights.} Qe5 27. Rfe1 Ba6 28. a4 Re8 29. g3 (29. Nxa7 Bg7 30. g4 Qxb2 $14) 29... Bxb5 30. axb5 c4 31. Kf1 ({Don't blunder} 31. Rd7 $2 Qxf5 (31... Qxb5 $2 {is the wrong capture.} 32. Rxf7 Bg7 33. Qxf4 $18) 32. Rb7 Qg5 33. Qxg5 Rxg5 $19) 31... Nd3 32. Re2 Qxb5 {[%emt 0:00:27] [#]} 33. Bh5 $1 Rb6 (33... Qa4 34. Red2 Kg8 35. Bxg6 hxg6) 34. Bxf7 $18 Rc8 35. Qg4 Bh6 {[%emt 0:00:26] [#]} 36. Nd6 $1 Rxd6 (36... Rf8 37. Nxb5) 37. Qxc8+ Kg7 38. Qg8+ Kf6 39. e5+ {[%emt 0:00:04] Weighted Error Value: White=0.14 (very precise) /Black=0.58.  Mistake:       	---       	Black=5      Inaccurate:     	---       	Black=2      OK:         	White=8     	Black=11     Best:        	White=1     	---        Strong:       	White=1     	---} 1-0

[Event "Serbian League 2024"]
[Site "Bajina Basta"]
[Date "2024.09.28"]
[Round "1.27"]
[White "Ozsakallioglu, Okan"]
[Black "Kovacevic, Aleksandar"]
[Result "1-0"]
[ECO "B90"]
[WhiteElo "2349"]
[BlackElo "2479"]
[Annotator "RC"]
[PlyCount "137"]
[EventDate "2024.09.26"]
[EventType "team-tourn"]
[EventCountry "SRB"]
[SourceTitle "playchess.com"]
[Source "ChessBase"]
[SourceQuality "1"]
[TimeControl "40/5400+30:1800+30"]

1. e4 c5 2. Nf3 d6 3. d4 cxd4 4. Nxd4 Nf6 5. Nc3 a6 6. Be3 e5 7. Nb3 Be6 8. h3 Be7 9. Qf3 O-O 10. O-O-O a5 11. Nc5 Qc8 12. N5a4 Nbd7 13. g4 Bc4 14. g5 Ne8 15. h4 Bxf1 16. Rdxf1 Qc6 17. Nd5 Bd8 18. Nab6 Ra6 19. Nxd7 Qxd7 20. Kb1 f5 21. exf5 Rxf5 22. Qe4 Rc6 23. c4 Rf7 24. f4 Qf5 25. Qxf5 Rxf5 26. fxe5 Rxf1+ 27. Rxf1 dxe5 28. b3 g6 29. Bc1 Ng7 30. Ne3 Re6 31. Bb2 Bc7 32. Kc2 e4 33. Nd5 Bd8 34. Bf6 Bxf6 35. Nxf6+ Kf7 36. Nxe4+ Nf5 37. Ng3 Re5 38. Nxf5 gxf5 39. h5 Ke6 40. Rg1 Kf7 41. Kd3 f4 42. Kd4 Re2 43. Rf1 Rxa2 44. Rxf4+ Ke7 45. Rf5 Rd2+ 46. Kc3 Rh2 47. Rxa5 Rxh5 48. Rb5 Kd6 49. Rxb7 Rxg5 50. Rxh7 Kc6 51. Rh6+ Kc7 52. Kb4 Kb7 53. c5 Rg7 54. Kb5 Rf7 55. b4 Rg7 56. Ka5 Rg1 57. Rf6 Rh1 58. Kb5 Rh7 59. Rf4 Rg7 60. Kc4 Rh7 61. b5 Rg7 62. Kb4 Rh7 63. Ka5 Rg7 64. Rd4 Rg1 65. Rd7+ Kc8 66. Rh7 Kb8 67. Kb6 Rg8 68. c6 Rf8 69. Rb7+ 1-0

[Event "Serbian League 2024"]
[Site "Bajina Basta"]
[Date "2024.09.28"]
[Round "1.28"]
[White "Omorjan, Dejan"]
[Black "Ljepic, Andrej"]
[Result "1/2-1/2"]
[ECO "D23"]
[WhiteElo "2299"]
[BlackElo "2326"]
[Annotator "RC"]
[PlyCount "119"]
[EventDate "2024.09.26"]
[EventType "team-tourn"]
[EventCountry "SRB"]
[SourceTitle "playchess.com"]
[Source "ChessBase"]
[SourceQuality "1"]
[TimeControl "40/5400+30:1800+30"]

1. d4 d5 2. c4 dxc4 3. Nf3 Nf6 4. Qa4+ c6 5. Qxc4 Bf5 6. g3 e6 7. Bg2 Be7 8. O-O O-O 9. Qb3 Qb6 10. Nbd2 Nbd7 11. Nc4 Qa6 12. Bd2 Be4 13. a4 Bd5 14. Rfc1 Nb6 15. Nfe5 Nxc4 16. Nxc4 Rfd8 17. f3 e5 18. e4 Be6 19. Bf1 exd4 20. Bb4 Bxb4 21. Qxb4 d3 22. Ne5 Qb6+ 23. Qxb6 axb6 24. Bxd3 Ra5 25. f4 Ng4 26. Nxg4 Bxg4 27. Bf1 Rd2 28. b4 Rh5 29. Bg2 h6 30. h3 Be2 31. Re1 g6 32. Ra3 c5 33. g4 Rh4 34. bxc5 bxc5 35. Re3 Bd3 36. e5 h5 37. e6 fxe6 38. Rxe6 hxg4 39. Bd5 Kg7 40. Re8 Be2 41. Re7+ Kf8 42. Rf7+ Ke8 43. Bc4 Rc2 44. Rxb7 Rxc4 45. Rxe2+ Kd8 46. a5 gxh3 47. Kh2 Ra4 48. Ra7 Rhxf4 49. Kxh3 Ra3+ 50. Kg2 c4 51. Rb2 Kc8 52. Re2 Kb8 53. Rg7 Rf8 54. Rc2 Rxa5 55. Rxg6 Rc8 56. Rb6+ Ka7 57. Rb4 c3 58. Rb3 Rc7 59. Rcxc3 Rxc3 60. Rxc3 1/2-1/2

[Event "Serbian League 2024"]
[Site "Bajina Basta"]
[Date "2024.09.28"]
[Round "1.29"]
[White "Ivanovic, Dragutin"]
[Black "Gagic, Milan A"]
[Result "1-0"]
[ECO "A12"]
[WhiteElo "2308"]
[BlackElo "2284"]
[Annotator "RC"]
[PlyCount "155"]
[EventDate "2024.09.26"]
[EventType "team-tourn"]
[EventCountry "SRB"]
[SourceTitle "playchess.com"]
[Source "ChessBase"]
[SourceQuality "1"]
[TimeControl "40/5400+30:1800+30"]

1. Nf3 Nf6 2. b3 d5 3. Bb2 Bf5 4. c4 e6 5. g3 Be7 6. Bg2 O-O 7. O-O h6 8. d3 Nbd7 9. Nbd2 a5 10. a3 Bh7 11. Rc1 c6 12. cxd5 exd5 13. Bh3 Re8 14. Nd4 Qb6 15. Nf5 Bxf5 16. Bxf5 Bd6 17. d4 Qd8 18. Re1 Qe7 19. Ra1 Ne4 20. Nxe4 dxe4 21. d5 c5 22. e3 Rad8 23. Qg4 Nf6 24. Bxf6 Qxf6 25. Bxe4 h5 26. Qf3 Qe5 27. Bd3 Bb8 28. Bc4 Rd6 29. e4 h4 30. Qe3 hxg3 31. hxg3 Rh6 32. Bf1 Qh5 33. Bg2 Qh2+ 34. Kf1 Be5 35. Rad1 Rf6 36. Bf3 Bd4 37. Rxd4 cxd4 38. Qd3 Qh3+ 39. Bg2 Qh5 40. Qxd4 Rd6 41. e5 Rdd8 42. d6 Qf5 43. Bxb7 f6 44. Bd5+ Kf8 45. e6 Rxd6 46. Qa7 Rdxe6 47. Bxe6 Rxe6 48. Rxe6 Qh3+ 49. Kg1 Qxe6 50. Qxa5 g5 51. Qc3 Kg7 52. a4 Qd5 53. Qc4 Qd1+ 54. Kg2 g4 55. Qc7+ Kg6 56. Qb7 f5 57. a5 f4 58. gxf4 Qd3 59. a6 g3 60. Qf3 Qxa6 61. fxg3 Qa2+ 62. Kh3 Qb1 63. g4 Qc1 64. b4 Qb1 65. f5+ Kg5 66. Qe3+ Kf6 67. Qe6+ Kg5 68. Qe3+ Kf6 69. Qd4+ Kg5 70. Qd2+ Kf6 71. Kg3 Qg1+ 72. Kf4 Qf1+ 73. Ke4 Qb1+ 74. Kd5 Kf7 75. Kd6 Qa1 76. Qd5+ Kf8 77. Ke6 Qe1+ 78. Qe5 1-0

[Event "Serbian League 2024"]
[Site "Bajina Basta"]
[Date "2024.09.28"]
[Round "1.30"]
[White "Pajcin, Lav"]
[Black "Zivanovic, Bojan"]
[Result "1-0"]
[ECO "A77"]
[WhiteElo "2242"]
[BlackElo "2161"]
[Annotator "RC"]
[PlyCount "81"]
[EventDate "2024.09.26"]
[EventType "team-tourn"]
[EventCountry "SRB"]
[SourceTitle "playchess.com"]
[Source "ChessBase"]
[SourceQuality "1"]
[TimeControl "40/5400+30:1800+30"]

1. d4 Nf6 2. c4 c5 3. d5 e6 4. Nc3 exd5 5. cxd5 d6 6. Nf3 g6 7. Nd2 a6 8. a4 Nbd7 9. e4 Bg7 10. Be2 O-O 11. O-O Re8 12. Ra3 Qc7 13. Qc2 Rb8 14. a5 h6 15. Rd1 g5 16. Nc4 b5 17. axb6 Nxb6 18. Na5 Ng4 19. Nc6 Ra8 20. f4 gxf4 21. Bxf4 Bd7 22. Qc1 Bxc6 23. Bxg4 Bd7 24. Be2 h5 25. Bh6 Re5 26. Nb5 axb5 27. Rg3 Bg4 28. Bxg4 h4 29. Rh3 Qe7 30. Bf5 Qf6 31. Bg5 Ra1 32. Qxa1 Qxg5 33. Rf3 Nc4 34. Qa8+ Bf8 35. Be6 Ne3 36. Rd2 Ng4 37. Rxf7 Qe3+ 38. Rff2+ Rxe6 39. Qxf8+ Kh7 40. Qf7+ Kh8 41. dxe6 1-0

[Event "Serbian League 2024"]
[Site "Bajina Basta"]
[Date "2024.09.28"]
[Round "1.31"]
[White "Andreikin, Dmitry"]
[Black "Visakh N R"]
[Result "1/2-1/2"]
[ECO "D35"]
[WhiteElo "2729"]
[BlackElo "2504"]
[Annotator "TA"]
[PlyCount "45"]
[EventDate "2024.09.26"]
[EventType "team-tourn"]
[EventCountry "SRB"]
[SourceTitle "playchess.com"]
[Source "ChessBase"]
[SourceQuality "1"]
[TimeControl "40/5400+30:1800+30"]

1. d4 Nf6 2. c4 e6 3. Nf3 d5 4. cxd5 exd5 5. Nc3 c6 6. Bf4 Bd6 7. Bxd6 Qxd6 8. e3 O-O 9. Bd3 Bg4 10. h3 Bxf3 11. Qxf3 Re8 12. a3 Nbd7 13. O-O a5 14. Rfc1 g6 15. Qd1 Kg7 16. Rab1 Re7 17. Qb3 Nf8 18. Qc2 Ne6 19. b4 axb4 20. axb4 b5 21. Qb2 Ra6 22. Rc2 Qb8 23. Ra1 {[%emt 0:00:30] Weighted Error Value: White=0.07 (flawless) /Black=0.03 (flawless) .  Inaccurate:     	White=1     	---        OK:         	White=2     	Black=7} 1/2-1/2

[Event "Serbian League 2024"]
[Site "Bajina Basta"]
[Date "2024.09.28"]
[Round "1.32"]
[White "Vignesh N R"]
[Black "Matlakov, Maxim"]
[Result "1/2-1/2"]
[ECO "C78"]
[WhiteElo "2511"]
[BlackElo "2636"]
[Annotator "TA"]
[PlyCount "48"]
[EventDate "2024.09.26"]
[EventType "team-tourn"]
[EventCountry "SRB"]
[SourceTitle "playchess.com"]
[Source "ChessBase"]
[SourceQuality "1"]
[TimeControl "40/5400+30:1800+30"]

1. e4 e5 2. Nf3 Nc6 3. Bb5 a6 4. Ba4 Nf6 5. O-O b5 6. Bb3 Bb7 7. d3 Bc5 8. Nc3 O-O 9. Nd5 Na5 10. Bg5 {Nxf6+ would now be deadly.} Bxd5 11. Bxd5 c6 12. Bb3 h6 13. Bd2 Nxb3 {The position is equal.} 14. axb3 Re8 15. g3 d5 16. Qe2 a5 17. Ra2 Qb6 18. Rfa1 b4 19. h3 Qb5 {[%emt 0:00:30] ...dxe4 is the strong threat.} 20. Qe1 Bf8 21. Kg2 Nd7 22. Be3 Nf6 23. Bd2 Nd7 24. Be3 Nf6 {Not much happened in this game.   Weighted Error Value: White=0.03 (flawless) /Black=0.02 (flawless) .  OK:         	White=8     	Black=8      Best:        	---       	Black=1} 1/2-1/2

[Event "Serbian League 2024"]
[Site "Bajina Basta"]
[Date "2024.09.28"]
[Round "1.33"]
[White "Stojanovic, Mihajlo"]
[Black "Milanovic, Danilo"]
[Result "1/2-1/2"]
[ECO "B38"]
[WhiteElo "2424"]
[BlackElo "2442"]
[Annotator "TA"]
[PlyCount "84"]
[EventDate "2024.09.26"]
[EventType "team-tourn"]
[EventCountry "SRB"]
[SourceTitle "playchess.com"]
[Source "ChessBase"]
[SourceQuality "1"]
[TimeControl "40/5400+30:1800+30"]

1. Nf3 Nf6 2. c4 c5 3. Nc3 Nc6 4. d4 cxd4 5. Nxd4 g6 6. e4 d6 7. f3 Bg7 8. Be3 O-O 9. Qd2 Nxd4 10. Bxd4 Be6 11. Be2 Qa5 12. Rd1 Rfc8 13. Nd5 Qxd2+ 14. Rxd2 {[%emt 0:00:30] The position is equal.} Bxd5 15. exd5 Nd7 16. Be3 {[%emt 0:00:30] [#]} (16. Kf2 $11 {keeps the balance.}) 16... Nb6 $1 $17 17. Bxb6 axb6 18. a3 {[%emt 0:00:30] [#] White is weak on the dark squares} b5 $1 19. cxb5 Rc1+ 20. Bd1 Rb1 21. Ke2 Bxb2 ({Reject} 21... Rxb2 $6 22. Rxb2 Bxb2 23. a4 $11) 22. a4 Be5 23. g3 Rxa4 24. Bxa4 Rxh1 {[%emt 0:00:30][%mdl 4096] Endgame. KRB-KRB} 25. Kd3 Ra1 26. Bb3 Rb1 27. Bc4 g5 28. Ke4 Kg7 29. Kf5 Rc1 30. Bd3 Rc5 31. Be2 h6 32. Kg4 Rc3 33. h4 Bf6 34. hxg5 hxg5 35. Kf5 Rc5 36. Kg4 Rc1 37. f4 gxf4 38. gxf4 Bc3 39. Rd1 Rc2 40. Bd3 Rf2 41. Rc1 Ba5 (41... Rxf4+ $5 42. Kxf4 Bd2+ 43. Ke4 Bxc1 $11) 42. Rc2 Rxc2 {[%emt 0:00:30] Weighted Error Value: White=0.17 (very precise) /Black=0.08 (flawless) .  Mistake:       	White=1     	---        Inaccurate:     	White=3     	Black=3      OK:         	White=11    	Black=17     Best:        	White=1     	---        Strong:       	---       	Black=1      Brilliant:      	---       	Black=1} 1/2-1/2

[Event "Serbian League 2024"]
[Site "Bajina Basta"]
[Date "2024.09.28"]
[Round "1.34"]
[White "Spasic, Petar"]
[Black "Nestorovic, Nikola"]
[Result "0-1"]
[ECO "D02"]
[WhiteElo "2304"]
[BlackElo "2458"]
[Annotator "RC"]
[PlyCount "154"]
[EventDate "2024.09.26"]
[EventType "team-tourn"]
[EventCountry "SRB"]
[SourceTitle "playchess.com"]
[Source "ChessBase"]
[SourceQuality "1"]
[TimeControl "40/5400+30:1800+30"]

1. Nf3 d5 2. g3 Nc6 3. d4 Bf5 4. a3 h6 5. Bg2 e6 6. Nbd2 Nf6 7. b3 Be7 8. Bb2 O-O 9. c4 Ne4 10. Rc1 a5 11. O-O Nb8 12. Nxe4 Bxe4 13. Nd2 Bxg2 14. Kxg2 f5 15. Nf3 Nd7 16. Qd3 c6 17. a4 Bd6 18. Bc3 Qe7 19. Rfd1 f4 20. Nh4 Rf6 21. Ng6 Qf7 22. Ne5 Bxe5 23. dxe5 Rf5 24. g4 Nxe5 25. Bxe5 Rxe5 26. Qf3 Re4 27. Rd2 Qf6 28. Rc3 Qe5 29. h4 Rd4 30. Rcd3 Re4 31. Rc3 Ra6 32. Kh3 Rb6 33. h5 Qf6 34. Qd3 Ra6 35. Qf3 Ra8 36. Rcc2 Rf8 37. Rc3 g6 38. hxg6 Qxg6 39. Rd1 Rf7 40. Rg1 Rg7 41. Rg2 Qf6 42. Rc2 Re5 43. e3 Re4 44. cxd5 exd5 45. Rc4 Rge7 46. Rxe4 Rxe4 47. g5 hxg5 48. Qh5 Qf5+ 49. Kh2 Qh7 50. Rxg5+ Kh8 51. exf4 Qxh5+ 52. Rxh5+ Kg7 53. Kg3 Rb4 54. Kg4 Rxb3 55. Kf5 Rb4 56. Rg5+ Kf8 57. f3 Rxa4 58. Ke5 Ra3 59. f5 Rxf3 60. Kf6 Rh3 61. Ke6 Re3+ 62. Kf6 Rh3 63. Ke6 a4 64. f6 a3 65. Rg2 b5 66. Rc2 Re3+ 67. Kf5 b4 68. Rh2 b3 69. Rh8+ Kf7 70. Rh7+ Kg8 71. Rg7+ Kf8 72. Kg6 b2 73. Rf7+ Ke8 74. Rb7 Rg3+ 75. Kf5 a2 76. f7+ Kf8 77. Kf6 Rg6+ 0-1

[Event "Serbian League 2024"]
[Site "Bajina Basta"]
[Date "2024.09.28"]
[Round "1.35"]
[White "Todorovic, Goran M"]
[Black "Jovanovic, Dusan D"]
[Result "1/2-1/2"]
[ECO "B43"]
[WhiteElo "2289"]
[BlackElo "2372"]
[Annotator "RC"]
[PlyCount "93"]
[EventDate "2024.09.26"]
[EventType "team-tourn"]
[EventCountry "SRB"]
[SourceTitle "playchess.com"]
[Source "ChessBase"]
[SourceQuality "1"]
[TimeControl "40/5400+30:1800+30"]

1. e4 c5 2. Nf3 e6 3. d4 cxd4 4. Nxd4 a6 5. Nc3 b5 6. Bd3 Bb7 7. O-O Nc6 8. Nxc6 Bxc6 9. Qe2 Bc5 10. Be3 Qb6 11. a4 Bxe3 12. axb5 Bxf2+ 13. Rxf2 axb5 14. Rxa8+ Bxa8 15. Qg4 Kf8 16. Qf4 f6 17. Nxb5 e5 18. Qd2 d6 19. Kh1 Ne7 20. Bc4 d5 21. exd5 Bxd5 22. Bxd5 Nxd5 23. c4 Ke7 24. Rf3 Nc7 25. Qb4+ Ke6 26. Qb3 Ke7 27. Qa3+ Ke6 28. Qb3 Ke7 29. Nxc7 Qxc7 30. Rg3 g6 31. Rh3 h5 32. Rd3 Rc8 33. Rc3 Qc5 34. h3 Rc7 35. Qc2 Ra7 36. Qxg6 Ra1+ 37. Kh2 Qg1+ 38. Kg3 Qe1+ 39. Kf3 Qf1+ 40. Ke4 Qf4+ 41. Kd3 Qf1+ 42. Ke4 Qe2+ 43. Kd5 Rd1+ 44. Kc6 Rd6+ 45. Kc7 Rd7+ 46. Kc6 Rd6+ 47. Kc7 1/2-1/2

[Event "Serbian League 2024"]
[Site "Bajina Basta"]
[Date "2024.09.28"]
[Round "1.36"]
[White "Pavlovic, Goran"]
[Black "Arsovic, Goran"]
[Result "1/2-1/2"]
[ECO "E61"]
[WhiteElo "2337"]
[BlackElo "2356"]
[Annotator "RC"]
[PlyCount "66"]
[EventDate "2024.09.26"]
[EventType "team-tourn"]
[EventCountry "SRB"]
[SourceTitle "playchess.com"]
[Source "ChessBase"]
[SourceQuality "1"]
[TimeControl "40/5400+30:1800+30"]

1. d4 Nf6 2. c4 g6 3. Nc3 Bg7 4. Nf3 d6 5. Bg5 h6 6. Bh4 g5 7. Bg3 Nh5 8. e3 c5 9. d5 Nxg3 10. hxg3 Bxc3+ 11. bxc3 Kd7 12. Bd3 Kc7 13. Nd2 Qg8 14. g4 Nd7 15. f3 Ne5 16. Be4 h5 17. gxh5 f5 18. Bc2 Qf7 19. Qe2 Rxh5 20. Rxh5 Qxh5 21. f4 Ng4 22. O-O-O Bd7 23. Nf3 Qh8 24. Kd2 gxf4 25. exf4 Nf6 26. Ng5 Re8 27. g3 b5 28. cxb5 Nxd5 29. Qd3 Qh2+ 30. Kc1 Nf6 31. Rd2 Qg1+ 32. Rd1 Qg2 33. Rd2 Qg1+ 1/2-1/2